Map: Temple of the Past

Players

wasp

  • Race: Protoss Protoss
  • Spawn Location: 0:00

NamroodTuo

  • Race: Zerg Zerg

VOD

Have the link to the VOD?

Description

Time

  • Played on: March 25, 2023, 6:17 p.m.
  • Length: 26:25
Show
View Real Time Build Order
Export as new Build Order

wasp Protoss 

Build Orders:  

Get SALT Encoding   

  12  0:04  Probe (Chrono Boost)  
  13  0:26  Pylon  
  13  0:39  Probe (Chrono Boost), Pylon  
  14  0:59  Forge  
  14  1:07  Probe (Chrono Boost)  
  15  1:20  Probe (Chrono Boost)  
  16  1:34  Probe (Chrono Boost)  
  17  1:47  Probe (Chrono Boost)  
  18  2:01  Probe (Chrono Boost)  
  18  2:04  Pylon  
  19  2:15  Probe (Chrono Boost)  
  19  2:18  Pylon  
  20  2:23  Pylon  
  20  2:35  Probe (Chrono Boost)  
  21  2:49  Probe (Chrono Boost)  
  22  2:51  Photon Cannon  
  22  2:53  Photon Cannon  
  22  3:00  Photon Cannon  
  22  3:13  Photon Cannon  
  22  3:23  Photon Cannon  
  22  3:36  Photon Cannon  
  22  3:44  Photon Cannon  
  22  3:59  Photon Cannon  
  22  4:14  Photon Cannon  
  22  4:28  Photon Cannon  
  22  4:57  Photon Cannon  
  22  5:16  Photon Cannon  
  22  5:34  Photon Cannon  
  22  5:36  Photon Cannon  
  22  5:38  Photon Cannon  
  22  5:41  Photon Cannon  
  22  5:54  Photon Cannon  
  22  6:04  Photon Cannon  
  22  6:23  Photon Cannon  
  22  6:26  Photon Cannon  
  22  6:46  Gateway  
  22  6:55  Gateway  
  22  7:56  Zealot  
  24  8:00  Zealot  
  26  8:29  Zealot  
  28  8:31  Zealot  
  30  8:47  Nexus  
  30  8:54  Probe (Chrono Boost)  
  31  9:07  Probe (Chrono Boost)  
  32  9:21  Probe (Chrono Boost)  
  32  9:23  Pylon  
  33  9:35  Probe (Chrono Boost)  
  34  9:48  Probe (Chrono Boost)  
  35  10:02  Probe (Chrono Boost)  
  36  10:15  Probe (Chrono Boost)  
  37  10:20  Photon Cannon  
  37  10:25  Photon Cannon  
  37  10:29  Probe (Chrono Boost), Photon Cannon  
  37  10:30  Photon Cannon  
  37  10:34  Photon Cannon  
  37  10:35  Photon Cannon  
  37  10:39  Photon Cannon  
  38  10:43  Photon Cannon  
  38  10:51  Photon Cannon  
  38  10:52  Photon Cannon  
  38  11:02  Photon Cannon  
  38  11:33  Pylon  
  38  11:35  Pylon  
  38  12:23  Photon Cannon  
  38  12:33  Photon Cannon x2  
  38  12:41  Photon Cannon  
  38  12:45  Photon Cannon  
  38  12:50  Photon Cannon x2  
  38  13:20  Probe (Chrono Boost)  
  39  13:34  Probe (Chrono Boost)  
  40  13:42  Photon Cannon  
  40  13:44  Photon Cannon  
  40  13:47  Probe (Chrono Boost)  
  41  13:50  Photon Cannon  
  41  13:52  Photon Cannon  
  41  13:57  Photon Cannon  
  41  14:01  Probe (Chrono Boost)  
  41  14:03  Photon Cannon  
  41  14:04  Photon Cannon  
  41  14:07  Photon Cannon  
  42  14:15  Probe (Chrono Boost)  
  43  14:31  Photon Cannon  
  43  14:42  Photon Cannon  
  43  15:27  Probe (Chrono Boost)  
  44  15:40  Probe (Chrono Boost)  
  45  15:54  Probe (Chrono Boost)  
  46  16:02  Zealot  
  46  16:03  Zealot x5  
  46  16:08  Probe (Chrono Boost)  
  59  16:14  Cybernetics Core  
  59  16:21  Probe (Chrono Boost)  
  60  16:35  Probe (Chrono Boost)  
  61  16:49  Probe (Chrono Boost)  
  62  16:57  Assimilator  
  62  17:05  Assimilator  
  62  17:08  Probe (Chrono Boost)  
  63  17:22  Probe (Chrono Boost)  
  64  17:35  Probe (Chrono Boost)  
  65  17:49  Probe (Chrono Boost)  
  66  18:03  Probe (Chrono Boost)  
  67  18:18  Assimilator  
  67  18:23  Assimilator  
  67  18:26  Probe (Chrono Boost)  
  68  18:34  Probe (Chrono Boost)  
  69  18:40  Probe (Chrono Boost)  
  69  18:48  Probe (Chrono Boost)  
  71  18:53  Probe (Chrono Boost)  
  72  19:02  Probe (Chrono Boost)  
  73  19:13  Gateway  
  73  19:15  Probe (Chrono Boost)  
  73  19:17  Gateway  
  74  19:29  Probe (Chrono Boost)  
  75  19:51  Probe (Chrono Boost)  
  76  20:04  Probe (Chrono Boost)  
  77  20:18  Probe (Chrono Boost)  
  78  21:00  Dragoon x3  
  78  21:01  Dragoon x3  
  78  21:02  Dragoon x2  
  78  21:03  Dragoon  
  78  21:04  Dragoon  
  98  21:34  Pylon  
  98  21:39  Pylon  
  98  22:05  Dragoon  
  98  22:06  Dragoon x4  
  98  22:07  Dragoon  
  110  23:05  Dragoon x3  
  110  23:06  Dragoon  
  110  23:09  Dragoon  
  120  23:11  Dragoon  
  122  25:03  Dragoon x3  
  122  25:04  Dragoon x4  
  122  25:05  Dragoon x2  
Show
View Real Time Build Order
Export as new Build Order

NamroodTuo Zerg 

Build Orders:  

Get SALT Encoding   

  12  0:20  Infested Barracks  
  12  0:33  Infested SCV  
  12  0:34  Infested SCV  
  14  0:44  Overlord  
  14  0:51  Infested SCV  
  15  1:11  Infested SCV  
  15  1:13  Infested SCV  
  17  1:28  Infestation Level 1  
  17  1:33  Infested SCV  
  18  1:42  Infested SCV  
  18  1:47  Infested SCV  
  20  1:54  Overlord  
  20  2:10  Infested Refinery  
  20  2:13  Infested SCV, Infested Refinery  
  21  2:34  Infested SCV  
  22  2:50  Infested SCV  
  22  2:51  Infested Engineering Bay  
  23  3:02  Infested SCV  
  23  3:09  Infested Barracks Tech Lab  
  24  3:25  Infested SCV  
  25  3:30  Infestation Level 2  
  25  3:33  Infested SCV  
  26  3:52  Infested SCV  
  27  4:01  Infested SCV  
  28  4:27  Infested SCV  
  29  4:34  Overlord  
  29  4:41  Retinal Augmentation  
  29  4:55  Stukov Infantry Weapons Level 1  
  29  5:20  Infested SCV  
  30  5:30  Anaerobic Enhancement  
  30  5:35  Infested Command Center  
  30  5:39  Infested Bunker  
  34  5:47  Infested Refinery  
  34  5:53  Overlord  
  34  6:02  Infested SCV  
  35  6:11  Infested Factory  
  35  6:30  Broodling Gestation  
  35  6:33  Overlord  
  35  6:35  Infested SCV  
  35  6:39  Infested SCV  
  37  6:43  Infested SCV  
  38  7:29  Infested SCV  
  43  7:31  Infested Bunker  
  43  7:35  Stukov Infantry Armor Level 1  
  43  7:55  Infested SCV  
  43  7:56  Infested SCV x3  
  47  8:13  Infested SCV  
  47  8:19  Infested SCV  
  49  8:39  Plagued Munitions  
  49  8:45  Infested SCV x3  
  52  8:54  Infested Armory  
  56  9:11  Infested Refinery  
  56  9:43  Unknown  
  56  9:46  Infested SCV x2  
  56  9:47  Infested SCV x3  
  61  9:53  Overlord  
  61  9:54  Overlord x4  
  61  10:04  Infested Bunker  
  61  10:15  Regenerative Plating  
  61  10:25  Infested Bunker  
  65  10:58  Infested SCV x4  
  69  11:12  Infested SCV  
  69  11:14  Aggressive Incubation  
  69  11:15  Stukov Infantry Weapons Level 2  
  70  11:21  Infestation Level 3  
  70  11:39  Infested Bunker  
  74  11:45  Infested SCV x2  
  74  11:47  Overlord x4  
  74  11:48  Overlord  
  76  12:02  Infested Missile Turret  
  76  12:04  Infested Missile Turret  
  80  12:20  Infested Bunker  
  80  12:23  Infested Missile Turret  
  84  13:27  Infested Bunker  
  88  13:33  Infested Bunker  
  88  13:36  Infested Bunker  
  92  13:49  Infested Bunker  
  96  14:16  Infested Missile Turret  
  100  14:21  Infested Missile Turret  
  100  14:23  Infested Missile Turret  
  100  14:25  Stukov Infantry Armor Level 2  
  100  14:27  Infested Bunker  
  100  14:36  Infested Missile Turret  
  104  15:05  Infested Bunker  
  108  15:12  Infested Bunker  
  108  15:15  Infested Missile Turret  
  108  15:19  Overlord x2  
  108  15:47  Infested Bunker  
  112  15:53  Infested Missile Turret  
  112  15:59  Infested Missile Turret  
  116  16:23  Infested Bunker  
  120  16:33  Infested Bunker  
  120  16:35  Infested Missile Turret  
  120  16:47  Infested Bunker  
  128  17:02  Infested Bunker  
  128  17:10  Infested Missile Turret  
  128  17:26  Infested Bunker  
  132  17:34  Calcified Armor  
  136  17:44  Infested Bunker  
  136  18:02  Overseer x2  
  136  18:31  Infested Missile Turret  
  136  18:34  Stukov Infantry Weapons Level 3  
  144  19:30  Infested Bunker x2  
  144  19:34  Infested Bunker  
  152  19:43  Infested Bunker  
  152  19:49  Infested Bunker  
  160  19:50  Overlord  
  164  20:31  Infested Bunker  
  164  20:33  Infested Bunker  
  164  20:35  Infested Bunker  
  168  20:41  Overlord x2  
  168  20:42  Overlord  
  168  21:16  Infested Missile Turret  
  168  21:23  Infested Bunker  
  176  21:44  Infested Missile Turret  
  176  21:45  Infested Bunker  
  180  22:00  Infested Bunker  
  180  22:12  Infested Missile Turret  
  180  22:14  Stukov Infantry Armor Level 3  
  180  22:19  Overlord x2  
  180  22:20  Overlord x2  
  180  22:21  Overlord  
  180  22:25  Overlord  
  180  22:31  Overlord  
  180  22:32  Infested Missile Turret  
  180  22:48  Infested Missile Turret  
  188  23:11  Infested Bunker  
  188  23:17  Infested Bunker  
  188  23:59  Infested Missile Turret  
  188  24:46  Overlord x2  
  188  24:47  Overlord x5  
  188  24:48  Overlord x3  
Tags
 
Add a new tag
Caveats
  • Supply blocks, unpowered buildings, or Contaminate may cause inaccurate times.
  • Supply counts are checked every 10 seconds.